[Event "Titled Tuesday Blitz February 15 Early 2022"]
[White "Khachiyan, Melikset"]
[Black "Allahverdiyeva, Ayan"]
[WhiteFideId "13300512"]
[BlackFideId "13412590"]
[WhiteElo "2484"]
[BlackElo "1910"]
[Result "1-0"]
[Round "03"]
[TimeControl "180+1"]
[Date "2022.02.15"]
[WhiteClock "0:01:06"]
[BlackClock "0:00:01"]

1. d4 Nf6 2. Nc3 d5 3. Bg5 e6 4. e4 Bb4 5. e5 h6 6. Bd2 Bxc3 7. bxc3 Ne4 8. Qg4 Kf8 9. Bd3 Nxd2 10. Kxd2 c5 11. dxc5 Nc6 12. Nf3 Qa5 13. Qf4 Qxc5 14. Nd4 Bd7 15. Rhb1 b6 16. a4 Rc8 17. Nxc6 Rxc6 18. Qd4 Qxd4 19. cxd4 Ke7 20. a5 Rhc8 21. axb6 axb6 22. Ra7 Kd8 23. Rb7 Ra8 24. R1xb6 Rxb6 25. Rxb6 Kc7 26. Rb1 Ra4 27. Ke3 Ra2 28. f4 Ba4 29. h4 h5 30. f5 Be8 31. f6 g6 32. g3 Bc6 33. Kf4 Ra4 34. c3 Ra3 35. Rc1 Kd7 36. Kg5 Ra2 37. Kh6 Rg2 38. Kg7 Rxg3 39. Bb1 Ke8 40. c4 g5 41. hxg5 Rxg5+ 42. Kh6 Rg4 43. cxd5 Bxd5 44. Rc8+ Kd7 45. Rf8 Rxd4 46. Rxf7+ Ke8 47. Bg6 Be4 48. Re7+ Kf8 49. Re8# 1-0


[Site "https://www.chess.com"]

[Event "Titled Tuesday Blitz February 15 Early 2022"]
[White "Khumalo, Keith"]
[Black "Vitiugov, Nikita"]
[WhiteFideId "14319470"]
[BlackFideId "4152956"]
[WhiteElo "1992"]
[BlackElo "2673"]
[Result "0-1"]
[Round "03"]
[TimeControl "180+1"]
[Date "2022.02.15"]
[WhiteClock "0:02:25"]
[BlackClock "0:01:18"]

1. d4 Nf6 2. c4 g6 3. Nc3 Bg7 4. e4 d6 5. Bd3 O-O 6. Nge2 Nc6 7. O-O Nd7 8. Be3 e5 9. d5 Nd4 10. Nb5 Nxb5 11. cxb5 f5 12. exf5 gxf5 13. f4 Nf6 14. h3 Kh8 15. Bc4 Ne4 16. Rb1 Bd7 17. a4 Qe7 18. Bd3 c6 19. Bxe4 fxe4 20. fxe5 Bxe5 21. dxc6 bxc6 22. bxc6 Rxf1+ 23. Kxf1 Bxc6 24. Qc2 Qd7 25. b3 Rg8 26. Rc1 Bd5 27. Qd1 Qf7+ 28. Kg1 Qf3 0-1


[Site "https://www.chess.com"]

[Event "Titled Tuesday Blitz February 15 Early 2022"]
[White "Kiolbasa, Oliwia"]
[Black "Moskalenko, Alexander"]
[WhiteFideId "1154613"]
[BlackFideId "4155351"]
[WhiteElo "2190"]
[BlackElo "2515"]
[Result "0-1"]
[Round "03"]
[TimeControl "180+1"]
[Date "2022.02.15"]
[WhiteClock "0:00:04"]
[BlackClock "0:00:51"]

1. e4 e6 2. d4 d5 3. e5 b6 4. Nf3 Ba6 5. c3 Bxf1 6. Kxf1 c5 7. g3 Ne7 8. h4 h6 9. Nbd2 Nec6 10. Kg2 Nd7 11. c4 dxc4 12. Nxc4 cxd4 13. Nxd4 Nxd4 14. Qxd4 Bc5 15. Qe4 O-O 16. Be3 Bxe3 17. Qxe3 Qc7 18. Rac1 Qc6+ 19. Kh2 Qb5 20. Rhd1 Rfd8 21. b3 Qc5 22. Qf4 Qe7 23. Nd6 Nf8 24. Rc6 Rd7 25. Rdc1 Ng6 26. Qe4 Rad8 27. f4 Nf8 28. Kh3 h5 29. Rc8 Rxc8 30. Rxc8 Rd8 31. Qc6 g6 32. Qa8 Rxc8 33. Qxc8 Qd7 34. Qb8 Qc6 35. Kh2 Qc2+ 36. Kh3 Qd1 37. Kh2 Qe2+ 38. Kh3 Qf1+ 39. Kh2 Qf2+ 40. Kh3 Qg1 41. Qa8 a5 42. Qb7 Nd7 43. Qa8+ Kg7 44. Ne8+ Kh7 45. Nf6+ Nxf6 46. exf6 Qf1+ 47. Kh2 Qf2+ 48. Kh3 Qf1+ 49. Kh2 Qe2+ 50. Kh3 Qd1 51. Qf8 Qh1# 0-1


[Site "https://www.chess.com"]

[Event "Titled Tuesday Blitz February 15 Early 2022"]
[White "Klinova, Masha"]
[Black "Gabdrakhmanov, Azat"]
[WhiteFideId "2802015"]
[BlackFideId "34189197"]
[WhiteElo "2274"]
[BlackElo "2279"]
[Result "0-1"]
[Round "03"]
[TimeControl "180+1"]
[Date "2022.02.15"]
[WhiteClock "0:01:02"]
[BlackClock "0:01:04"]

1. e4 c5 2. Nf3 e6 3. c4 Nc6 4. Nc3 Nf6 5. Be2 d6 6. d4 cxd4 7. Nxd4 Be7 8. Be3 O-O 9. O-O Bd7 10. f3 a6 11. Qd2 Rc8 12. Rfc1 Ne5 13. b3 Qc7 14. h3 Qb8 15. a4 Ng6 16. a5 Rfe8 17. Na4 Bxa4 18. Rxa4 Nh5 19. Ra2 d5 20. cxd5 Rxc1+ 21. Qxc1 exd5 22. Nf5 Ng3 23. Nxg3 Qxg3 24. Rc2 dxe4 25. Rc8 Rf8 26. fxe4 Bd6 27. Bf3 Nh4 28. Rxf8+ Kxf8 29. Qd1 Nxf3+ 30. Qxf3 Qe1+ 0-1


[Site "https://www.chess.com"]

[Event "Titled Tuesday Blitz February 15 Early 2022"]
[White "Kobalia, Mikhail"]
[Black "Shevtchenko, Olesya"]
[WhiteFideId "4119150"]
[BlackFideId "24131890"]
[WhiteElo "2667"]
[BlackElo "2003"]
[Result "1-0"]
[Round "03"]
[TimeControl "180+1"]
[Date "2022.02.15"]
[WhiteClock "0:00:15"]
[BlackClock "0:00:15"]

1. e4 c5 2. Nf3 Nc6 3. Bb5 e5 4. O-O Bd6 5. c3 a6 6. Ba4 b5 7. Bc2 Nge7 8. d4 cxd4 9. cxd4 exd4 10. Nxd4 Nxd4 11. Qxd4 Qc7 12. h3 Bh2+ 13. Kh1 Qxc2 14. Kxh2 O-O 15. Bf4 Nc6 16. Qe3 Qxb2 17. Nc3 b4 18. Nd5 Bb7 19. Rfb1 Qd4 20. Qg3 f6 21. f3 a5 22. Rd1 Qb2 23. Bc1 Qe2 24. Bh6 Rf7 25. Rd2 Qc4 26. Nb6 Qc3 27. Rad1 Rd8 28. Nxd7 Kh8 29. Ne5 Rff8 30. Qxg7# 1-0


[Site "https://www.chess.com"]

[Event "Titled Tuesday Blitz February 15 Early 2022"]
[White "Korkmaz, Necmettin"]
[Black "Moiseenko, Alexander"]
[WhiteFideId "6303285"]
[BlackFideId "14102560"]
[WhiteElo "2094"]
[BlackElo "2577"]
[Result "0-1"]
[Round "03"]
[TimeControl "180+1"]
[Date "2022.02.15"]
[WhiteClock "0:00:34"]
[BlackClock "0:00:07"]

1. e4 c5 2. Nc3 Nc6 3. f4 e6 4. Nf3 d5 5. Bb5 Ne7 6. exd5 exd5 7. Qe2 g6 8. Qe5 Rg8 9. O-O Bg7 10. Qe2 Kf8 11. Bxc6 Nxc6 12. d3 Bg4 13. Qf2 Bxf3 14. Qxf3 Nd4 15. Qf2 Bf6 16. Kh1 Kg7 17. f5 gxf5 18. Be3 Kh8 19. Bxd4 Bxd4 20. Qxf5 Bxc3 21. bxc3 Rg7 22. Rae1 Qd6 23. Re5 Rag8 24. Rxd5 Qh6 25. g3 Rxg3 26. Qe5+ f6 27. Qd6 R3g6 28. Rdf5 Qd2 29. Qd5 Rg2 30. Rh5 Rf2 31. Rxh7+ Kxh7 32. Qh5+ Kg7 33. Rg1+ Kf8 34. Qh6+ Qxh6 35. Rxg8+ Kxg8 0-1


[Site "https://www.chess.com"]

[Event "Titled Tuesday Blitz February 15 Early 2022"]
[White "Kostiukov, Alexandr"]
[Black "Vusatiuk, Vladimir"]
[WhiteFideId "14108100"]
[BlackFideId "14118610"]
[WhiteElo "2202"]
[BlackElo "2157"]
[Result "1-0"]
[Round "03"]
[TimeControl "180+1"]
[Date "2022.02.15"]
[WhiteClock "0:00:11"]
[BlackClock "0:00:13"]

1. g3 h5 2. Bg2 h4 3. Nf3 h3 4. Bf1 d6 5. d4 Nf6 6. c4 Bf5 7. Nc3 Nc6 8. Bg5 Ne4 9. Nxe4 Bxe4 10. a3 f6 11. Bc1 g5 12. Rg1 e5 13. d5 Ne7 14. Nd2 Bg6 15. e4 f5 16. Bd3 Qd7 17. exf5 Nxf5 18. Ne4 Be7 19. Bxg5 O-O-O 20. Nf6 Bxf6 21. Bxf6 e4 22. Be2 e3 23. f4 Rhe8 24. g4 Ne7 25. f5 Bf7 26. Qd4 Rg8 27. Qxa7 c6 28. Rg3 Nxf5 29. Bxd8 Qxd8 30. Qa8+ Kd7 31. Qxd8+ Kxd8 32. gxf5 Rf8 33. Bd3 cxd5 34. cxd5 Bxd5 35. Rxe3 Bg2 36. Kd2 Kd7 37. Rae1 Kc6 38. Be4+ d5 39. Bxg2 hxg2 40. Rf3 Rf6 41. Rg1 d4 42. Rxg2 Kd5 43. Rg6 Rf7 44. f6 Ke4 45. Rf2 Ke5 46. Rg7 Rf8 47. f7 Ke6 48. Rg8 Rxf7 49. Rxf7 Kxf7 50. Rb8 b5 51. Rxb5 1-0


[Site "https://www.chess.com"]

[Event "Titled Tuesday Blitz February 15 Early 2022"]
[White "Kovanova, Baira"]
[Black "Polster, Christian"]
[WhiteFideId "4164083"]
[BlackFideId "12965081"]
[WhiteElo "2190"]
[BlackElo "2291"]
[Result "1-0"]
[Round "03"]
[TimeControl "180+1"]
[Date "2022.02.15"]
[WhiteClock "0:00:38"]
[BlackClock "0:00:14"]

1. e4 c5 2. Nf3 d6 3. d4 cxd4 4. Nxd4 Nf6 5. Nc3 a6 6. Be3 e5 7. Nf3 Qc7 8. a4 Be7 9. Be2 O-O 10. O-O b6 11. Bg5 Nbd7 12. Nh4 Rd8 13. Nf5 Bf8 14. Nd5 Nxd5 15. Bxd8 Qxd8 16. Qxd5 Ra7 17. Bf3 Nf6 18. Qd2 d5 19. Ne3 d4 20. Nd5 Nxd5 21. exd5 f5 22. c4 a5 23. Rfe1 e4 24. Bxe4 fxe4 25. Qxd4 Bc5 26. Qxe4 Rf7 27. Re2 Bf5 28. Qf3 Qd7 29. Rae1 h6 30. h3 Kh7 31. g4 Bc2 32. Qg3 Bd3 33. Qxd3+ 1-0


[Site "https://www.chess.com"]

[Event "Titled Tuesday Blitz February 15 Early 2022"]
[White "Kozin, Yuri"]
[Black "Vidit, Santosh Gujrathi"]
[WhiteFideId "4129920"]
[BlackFideId "5029465"]
[WhiteElo "2542"]
[BlackElo "2654"]
[Result "0-1"]
[Round "03"]
[TimeControl "180+1"]
[Date "2022.02.15"]
[WhiteClock "0:00:20"]
[BlackClock "0:00:29"]

1. e4 c6 2. d4 d5 3. exd5 cxd5 4. c4 Nf6 5. Nc3 Nc6 6. Bg5 Be6 7. Be2 Qa5 8. Bf3 O-O-O 9. c5 Ne4 10. Bd2 Qc7 11. Nge2 g5 12. Bxe4 dxe4 13. Bxg5 Bg7 14. Bf4 Qd7 15. Be3 Nxd4 16. O-O Nxe2+ 17. Qxe2 Qd3 18. Qh5 f5 19. c6 bxc6 20. Bxa7 Kb7 21. Bc5 Bf6 22. Rac1 Rhg8 23. Na4 Rg5 24. Qh6 Rxg2+ 25. Kh1 Qf3 26. Qe3 Rg1+ 0-1


[Site "https://www.chess.com"]

[Event "Titled Tuesday Blitz February 15 Early 2022"]
[White "Krysa, Leandro"]
[Black "Mikhnenko, Alexander"]
[WhiteFideId "116807"]
[BlackFideId "34143014"]
[WhiteElo "2490"]
[BlackElo "2140"]
[Result "1-0"]
[Round "03"]
[TimeControl "180+1"]
[Date "2022.02.15"]
[WhiteClock "0:00:06"]
[BlackClock "0:00:04"]

1. e4 c5 2. Nf3 e6 3. d4 cxd4 4. Nxd4 Nf6 5. Nc3 Nc6 6. a3 Bc5 7. Nxc6 dxc6 8. Qxd8+ Kxd8 9. e5 Nd5 10. Ne4 Be7 11. c4 Nb6 12. Bf4 Ke8 13. O-O-O Bd7 14. h4 Rd8 15. Be2 Kf8 16. h5 h6 17. Rh3 Kg8 18. Nd6 Bxd6 19. Rxd6 Kf8 20. Be3 Nc8 21. Rd2 Ke8 22. Rh4 b6 23. Rhd4 Ne7 24. g4 Nc8 25. Bf3 Ke7 26. b4 f6 27. Bf4 c5 28. R4d3 Ba4 29. Kb2 Rxd3 30. Rxd3 Rd8 31. Rxd8 Kxd8 32. b5 Ke7 33. Bb7 fxe5 34. Bxe5 Nd6 35. Bxg7 Nxb7 36. Bxh6 Bd1 37. Bg5+ Kf7 38. Bf4 Bxg4 39. h6 Bf5 40. Bb8 Na5 41. Kc3 Nb7 42. Bxa7 Nd6 43. Bxb6 Ne4+ 44. Kb3 Nd2+ 45. Kc3 Ne4+ 46. Kb2 Nd2 47. Bxc5 Nxc4+ 48. Kc3 Na5 49. Kb4 Nb7 50. a4 Ke8 51. a5 Nxc5 52. Kxc5 Kd7 53. a6 Kc8 54. b6 Kb8 55. Kd6 Ka8 56. Kc7 e5 57. b7+ Ka7 58. b8=Q+ 1-0


[Site "https://www.chess.com"]

[Event "Titled Tuesday Blitz February 15 Early 2022"]
[White "Kurbonboeva, Sarvinoz"]
[Black "Noroozi, Omid"]
[WhiteFideId "14201780"]
[BlackFideId "12501190"]
[WhiteElo "2054"]
[BlackElo "2236"]
[Result "0-1"]
[Round "03"]
[TimeControl "180+1"]
[Date "2022.02.15"]
[WhiteClock "0:00:01"]
[BlackClock "0:00:47"]

1. d4 Nf6 2. c4 e6 3. Nc3 Bb4 4. e3 b6 5. Nf3 Bb7 6. Bd3 O-O 7. O-O Bxc3 8. bxc3 Ne4 9. Qc2 f5 10. Nd2 Nxd2 11. Bxd2 Qh4 12. f3 d6 13. e4 fxe4 14. fxe4 Nd7 15. c5 dxc5 16. Qb3 Rae8 17. Rxf8+ Nxf8 18. dxc5 Bxe4 19. Qa4 Rd8 20. Be1 Qg5 21. Qxe4 Qxc5+ 22. Kh1 Rd5 23. c4 Re5 24. Qf4 Qd6 25. Qg3 Qc5 26. Bc3 Rg5 27. Qf3 Qe7 28. Rf1 h6 29. Bd2 Re5 30. Bf4 Rc5 31. Bg3 Nd7 32. Qf4 Nf6 33. Qe3 e5 34. Bh4 Rc6 35. Bxf6 Rxf6 36. Re1 a5 37. Qe4 g6 38. Qd5+ Kg7 39. Qxe5 Qxe5 40. Rxe5 Rd6 41. Re3 Rc6 42. h3 Rd6 43. Kg1 Kf6 44. Kf2 c6 45. Ke2 Rd4 46. Rg3 g5 47. Ke3 Rd6 48. Rf3+ Ke7 49. Kd2 b5 50. Kc3 b4+ 51. Kc2 a4 52. Re3+ Kd7 53. Re5 Kc7 54. Ra5 b3+ 55. axb3 axb3+ 56. Kc3 b2 57. Bb1 Rd1 58. Kxb2 Rd2+ 59. Bc2 Rxg2 60. Ra3 Kb6 61. Rb3+ Kc5 62. Re3 Kxc4 63. Re4+ Kd5 64. Rb4 c5 65. Rb6 h5 66. Rh6 h4 67. Rh5 Ke5 68. Kc3 Kf4 69. Bd3 Rg3 70. Kc4 Rxh3 71. Rh7 Re3 72. Rf7+ Kg3 73. Rf5 g4 74. Rxc5 h3 75. Rg5 h2 76. Bf5 h1=Q 77. Rxg4+ Kf2 78. Rf4+ Rf3 79. Rxf3+ Qxf3 80. Bd3 Ke3 81. Bc2 Qf4+ 82. Kc3 Qd4+ 0-1


[Site "https://www.chess.com"]

[Event "Titled Tuesday Blitz February 15 Early 2022"]
[White "Kuzubov, Yuriy"]
[Black "Golizadeh, Asghar"]
[WhiteFideId "14112906"]
[BlackFideId "12505269"]
[WhiteElo "2548"]
[BlackElo "2403"]
[Result "1-0"]
[Round "03"]
[TimeControl "180+1"]
[Date "2022.02.15"]
[WhiteClock "0:01:04"]
[BlackClock "0:00:16"]

1. d4 Nf6 2. c4 g6 3. Nc3 d6 4. e4 Bg7 5. Be2 O-O 6. Nf3 Nc6 7. Be3 e5 8. d5 Ne7 9. Nd2 Nd7 10. Qc2 c5 11. f3 f5 12. O-O-O a6 13. Kb1 Rb8 14. g4 f4 15. Bf2 Nb6 16. a3 Bd7 17. Ka2 Na8 18. Rb1 b5 19. cxb5 axb5 20. b4 c4 21. a4 bxa4 22. Nxc4 Qc7 23. b5 Nc8 24. Qd2 Ncb6 25. Na5 Rfc8 26. Nc6 Bxc6 27. bxc6 Qf7 28. Ka1 a3 29. Rb5 Bf6 30. Rhb1 Bd8 31. Qa2 Bc7 32. h4 Qf8 33. Bf1 h6 34. Qb3 Kh7 35. Ka2 Qd8 36. Rb4 Kg7 37. Ba6 Kh7 38. Bxc8 Rxc8 39. Bxb6 Nxb6 40. Rxb6 Bxb6 41. Qxb6 Qxb6 42. Rxb6 g5 43. h5 1-0


[Site "https://www.chess.com"]

[Event "Titled Tuesday Blitz February 15 Early 2022"]
[White "Lakshmi C"]
[Black "Milosevic, Milos"]
[WhiteFideId "25035347"]
[BlackFideId "964875"]
[WhiteElo "1775"]
[BlackElo "2198"]
[Result "1-0"]
[Round "03"]
[TimeControl "180+1"]
[Date "2022.02.15"]
[WhiteClock "0:00:12"]
[BlackClock "0:01:16"]

1. f4 d5 2. Nf3 Nh6 3. g3 g6 4. Bg2 Nd7 5. O-O Nf6 6. d3 Bg7 7. e3 O-O 8. Qe2 Nf5 9. Nbd2 d4 10. Nb3 dxe3 11. Bxe3 Nxe3 12. Qxe3 Nd5 13. Qc1 c6 14. c3 Qb6+ 15. d4 a5 16. Nc5 Qc7 17. Kh1 b6 18. Nd3 Ba6 19. c4 Nf6 20. Nfe5 Bb7 21. Qe3 Rfd8 22. Rad1 a4 23. f5 c5 24. d5 Nd7 25. fxg6 Nxe5 26. gxf7+ Nxf7 27. Rxf7 Kxf7 28. Qe6+ Ke8 29. Bf3 Rd6 30. Bh5+ Kd8 31. Qg8+ Kd7 32. Bg4+ e6 33. Bxe6+ Rxe6 34. Qxe6+ Kd8 35. Qg8+ Kd7 36. Qxg7+ Kc8 37. Qf8+ Qd8 38. Qf5+ Kb8 39. Ne5 Ka7 40. Rf1 Rc8 41. Qf7 Rc7 42. Qe6 Re7 43. Qf6 Bxd5+ 44. cxd5 Qxd5+ 45. Nf3 Re2 46. Kg1 Rxb2 47. Qxb2 Qd3 48. Qf2 a3 49. Ne5 Qe4 50. Qf7+ Ka6 51. Qf5 Qe3+ 52. Rf2 Qe1+ 53. Kg2 Qe3 54. Qd3+ Qxd3 55. Nxd3 c4 56. Ne5 b5 57. Kf3 c3 58. Ke3 b4 59. Kd3 Kb5 60. Nc4 Kc5 61. Rf5+ Kc6 62. Kc2 h6 63. h4 Kd7 64. g4 Ke6 65. Ra5 h5 66. gxh5 Kf6 67. Kb3 Kg7 68. Ne3 Kh6 69. Nc2 Kh7 70. Kxb4 Kh6 71. Kxc3 Kh7 72. Kd4 Kh6 73. Ke4 Kh7 74. Kf5 Kh6 75. Kg4 Kh7 76. Kg5 Kg7 77. Ra6 Kf8 78. h6 Kg8 79. Kg6 Kf8 80. Ra7 1-0


[Site "https://www.chess.com"]

[Event "Titled Tuesday Blitz February 15 Early 2022"]
[White "Lazavik, Denis"]
[Black "Al-Tarboush, Ward"]
[WhiteFideId "13515110"]
[BlackFideId "7601450"]
[WhiteElo "2436"]
[BlackElo "2276"]
[Result "1-0"]
[Round "03"]
[TimeControl "180+1"]
[Date "2022.02.15"]
[WhiteClock "0:00:06"]
[BlackClock "0:00:06"]

1. d4 d5 2. c4 c6 3. Nf3 Nf6 4. Nc3 dxc4 5. a4 Bf5 6. Ne5 Nbd7 7. Nxc4 Nb6 8. Ne5 a5 9. e3 g6 10. Bd3 Bxd3 11. Nxd3 Bg7 12. O-O O-O 13. b3 Nbd5 14. Nxd5 Qxd5 15. Ba3 Rfe8 16. Rc1 Ne4 17. Qc2 Rad8 18. Rfd1 h5 19. f3 Nd6 20. Bc5 Qe6 21. e4 Nc8 22. Nf4 Qd7 23. d5 Bh6 24. Be3 Qc7 25. Qd2 Qb8 26. Rc3 e5 27. Nxh5 Bxe3+ 28. Qxe3 gxh5 29. Qg5+ Kf8 30. Qxh5 Rd6 31. Qh8+ Ke7 32. Qxe5+ Kd7 33. Qf5+ Kd8 34. Qxf7 Qa7+ 35. Kh1 Qf2 36. Rcd3 c5 37. R3d2 Qe3 38. Rd3 Qf2 39. Qf4 Qb2 40. h3 Rf6 41. Qg5 Nd6 42. Re1 Nf7 43. Qe3 b6 44. Rd2 Qe5 45. Rf2 Rf4 46. g3 Rf6 47. f4 Qh5 48. Kg2 Rh8 49. Rh1 Kc8 50. e5 Rg6 51. Qf3 Qf5 52. d6 Rhg8 53. g4 Rxg4+ 54. hxg4 Rxg4+ 55. Kh2 Rh4+ 56. Kg1 Rg4+ 57. Rg2 Qb1+ 58. Kh2 Qh7+ 59. Qh3 Qxh3+ 60. Kxh3 Rxg2 61. Kxg2 Kd7 62. Kf3 Nd8 63. Ke4 Nc6 64. Rh7+ Kd8 65. Kd5 Nb4+ 66. Ke6 1-0


[Site "https://www.chess.com"]

[Event "Titled Tuesday Blitz February 15 Early 2022"]
[White "Leve, Nitai"]
[Black "Gozzoli, Yannick"]
[WhiteFideId "2006898"]
[BlackFideId "616915"]
[WhiteElo "2144"]
[BlackElo "2609"]
[Result "0-1"]
[Round "03"]
[TimeControl "180+1"]
[Date "2022.02.15"]
[WhiteClock "0:02:16"]
[BlackClock "0:02:33"]

1. e4 Nf6 2. e5 Nd5 3. c4 Nb6 4. d4 d6 5. exd6 cxd6 6. Nc3 g6 7. h3 Bg7 8. Nf3 O-O 9. Be2 Nc6 10. Be3 Bf5 11. d5 Na5 12. Nd4 Naxc4 13. Nxf5 gxf5 14. Bd4 Nxb2 15. Qd2 N2c4 16. Qg5 e5 17. Qxf5 exd4 18. Bd3 Re8+ 19. Kf1 dxc3 20. Qxh7+ Kf8 0-1


[Site "https://www.chess.com"]

[Event "Titled Tuesday Blitz February 15 Early 2022"]
[White "Levitskiy, Andrey"]
[Black "Gant, Chris J"]
[WhiteFideId "14132885"]
[BlackFideId "403946"]
[WhiteElo "2301"]
[BlackElo "2189"]
[Result "1-0"]
[Round "03"]
[TimeControl "180+1"]
[Date "2022.02.15"]
[WhiteClock "0:00:06"]
[BlackClock "0:00:12"]

1. e4 c5 2. Nf3 Nc6 3. d4 cxd4 4. Nxd4 g6 5. c4 Bg7 6. Be3 Nf6 7. Nc3 Ng4 8. Qxg4 Nxd4 9. Qd1 Ne6 10. Bd3 Bxc3+ 11. bxc3 O-O 12. O-O d6 13. f4 b6 14. f5 Nc5 15. Bc2 Bb7 16. Bh6 Re8 17. Qd4 f6 18. Qe3 Nd7 19. c5 bxc5 20. Bb3+ Kh8 21. fxg6 hxg6 22. Qh3 e6 23. Bxe6 Rxe6 24. Qxe6 Qe8 25. Qxd6 Qxe4 26. Rf2 Bc6 27. Rd1 Rg8 28. Qg3 g5 29. Qh3 Qh7 30. Qe6 Ba4 31. Re1 Qxh6 32. Qa6 Nb6 33. Qxa7 Qg7 34. Qxb6 Bc2 35. Qxf6 Qxf6 36. Rxf6 c4 37. Rh6+ Kg7 38. Rd6 Rf8 39. h3 Bd3 40. Rd7+ Kg8 41. Ree7 Rf1+ 42. Kh2 Rf6 43. Rd8+ Rf8 44. Rxf8+ Kxf8 45. Rc7 Be2 46. a4 Ke8 47. a5 Kd8 48. Rg7 Kc8 49. a6 Kb8 50. a7+ Ka8 51. Kg3 Bd3 52. h4 gxh4+ 53. Kxh4 Be2 54. g3 Bd3 55. g4 1-0


[Site "https://www.chess.com"]

[Event "Titled Tuesday Blitz February 15 Early 2022"]
[White "Liyanage, Ranindu Dilshan"]
[Black "Jones, Gawain C B"]
[WhiteFideId "9915834"]
[BlackFideId "409561"]
[WhiteElo "1858"]
[BlackElo "2657"]
[Result "0-1"]
[Round "03"]
[TimeControl "180+1"]
[Date "2022.02.15"]
[WhiteClock "0:00:24"]
[BlackClock "0:00:25"]

1. e4 e5 2. Nf3 Nc6 3. Bc4 Bc5 4. c3 Nf6 5. d3 d6 6. O-O h6 7. Re1 Ng4 8. d4 exd4 9. cxd4 Nxd4 10. Nxd4 Qh4 11. Be3 Qxh2+ 12. Kf1 Ne5 13. f3 Qh1+ 14. Kf2 Qh4+ 15. Kg1 Nxc4 16. Bf2 Nxb2 17. Bxh4 Nxd1 18. Rxd1 f5 19. Nc3 O-O 20. Bf2 Bd7 21. Nd5 fxe4 22. fxe4 c6 23. Nc7 Rxf2 24. Kxf2 Rc8 25. Kg1 Rxc7 26. Kh1 Bc8 27. Nb3 Ba3 28. Rd3 Re7 29. Re1 d5 30. e5 Bf5 0-1


[Site "https://www.chess.com"]

[Event "Titled Tuesday Blitz February 15 Early 2022"]
[White "Ljukin, Sergei"]
[Black "Matinian, Nikita"]
[WhiteFideId "14102200"]
[BlackFideId "24129100"]
[WhiteElo "2312"]
[BlackElo "2422"]
[Result "0-1"]
[Round "03"]
[TimeControl "180+1"]
[Date "2022.02.15"]
[WhiteClock "0:00:10"]
[BlackClock "0:00:19"]

1. e4 c5 2. Nf3 d6 3. d4 cxd4 4. Nxd4 Nf6 5. Nc3 Nc6 6. Bc4 e6 7. Be3 Be7 8. Qe2 Rb8 9. O-O-O Bd7 10. g4 Nxd4 11. Bxd4 b5 12. Bb3 b4 13. Nb1 Bc6 14. Nd2 a5 15. g5 Nd7 16. f4 a4 17. Bc4 e5 18. fxe5 dxe5 19. Be3 O-O 20. h4 Bc5 21. h5 Bxe3 22. Qxe3 Qb6 23. Qe2 Kh8 24. g6 h6 25. gxf7 Nf6 26. Rdg1 Rb7 27. Rxg7 Kxg7 28. Qg2+ Kh8 29. Qg6 Bxe4 30. Qxh6+ Nh7 31. Be6 Bxh1 0-1


[Site "https://www.chess.com"]

[Event "Titled Tuesday Blitz February 15 Early 2022"]
[White "Lopez Del Alamo, Antonio"]
[Black "Pires, Marcos Vinicius Torsani"]
[WhiteFideId "2227339"]
[BlackFideId "2118939"]
[WhiteElo "2082"]
[BlackElo "2273"]
[Result "1-0"]
[Round "03"]
[TimeControl "180+1"]
[Date "2022.02.15"]
[WhiteClock "0:00:05"]
[BlackClock "0:00:06"]

1. e4 c6 2. d4 d5 3. e5 Qc7 4. h4 c5 5. c3 Nc6 6. Be3 Qb6 7. Qd2 cxd4 8. cxd4 Bf5 9. Nc3 e6 10. g4 Bxg4 11. Bh3 Bxh3 12. Rxh3 Nge7 13. Nge2 Nf5 14. Rd1 Be7 15. h5 h6 16. Ng3 Nxe3 17. fxe3 Bg5 18. Nf1 Rc8 19. Nh2 Na5 20. b3 Be7 21. Na4 Qb5 22. Qe2 Bb4+ 23. Kf1 Qxe2+ 24. Kxe2 Rc2+ 25. Kf3 O-O 26. Ng4 Rfc8 27. Rg1 Kh7 28. Rhg3 Bf8 29. Nc5 Bxc5 30. dxc5 R2xc5 31. Nf6+ gxf6 32. Rg7+ Kh8 33. Rxf7 Nc6 34. Rxf6 Nxe5+ 35. Kf4 Nd3+ 36. Kf3 R5c7 37. Rxh6+ Rh7 38. Rxe6 Rxh5 39. Ke2 Nc5 40. Re7 Ne4 41. Rgg7 Rc2+ 42. Kf3 Rf2+ 43. Kg4 Rg2+ 44. Kxh5 Rxg7 45. Re5 Rd7 46. Kh6 Rd6+ 47. Kh5 Kg7 48. Re7+ Kf6 49. Rxb7 Ng3+ 50. Kg4 Nf5 51. Kf4 Ra6 52. a4 Nd6 53. Rd7 Ke6 54. Rh7 Rb6 55. Rh6+ Kd7 56. Rh7+ Kc6 57. Rxa7 Rxb3 58. Ra6+ Kc5 59. Ra5+ Kc4 60. Ke5 Ne4 61. Rxd5 Nc3 62. Rd4+ Kc5 63. Ke6 Ra3 64. Rd3 Rxa4 65. Rxc3+ Kb4 66. Rc1 Ra6+ 67. Kf5 Ra8 68. e4 Rf8+ 69. Ke5 Re8+ 70. Kd4 Rd8+ 71. Ke3 Re8 72. Rc7 Kb5 73. Rc1 Kb6 74. Kf3 Rf8+ 75. Kg4 Re8 76. Kf5 Rf8+ 77. Kg6 Re8 78. Re1 Kc6 79. e5 Kd5 80. Kf6 Re6+ 81. Kf5 Re8 82. Rd1+ Kc6 83. e6 Rf8+ 84. Ke5 Rf2 85. Rc1+ Kb7 86. e7 Re2+ 87. Kf6 Rf2+ 88. Ke6 Re2+ 89. Kf7 Rf2+ 90. Ke8 Kb8 91. Rc5 Rf1 92. Kd7 Rd1+ 93. Ke6 Re1+ 94. Re5 Rxe5+ 95. Kxe5 1-0


[Site "https://www.chess.com"]

[Event "Titled Tuesday Blitz February 15 Early 2022"]
[White "Lugovskoy, Maxim"]
[Black "Sadhwani, Raunak"]
[WhiteFideId "24126454"]
[BlackFideId "35093487"]
[WhiteElo "2444"]
[BlackElo "2616"]
[Result "1-0"]
[Round "03"]
[TimeControl "180+1"]
[Date "2022.02.15"]
[WhiteClock "0:00:04"]
[BlackClock "0:00:02"]

1. e4 e5 2. Nf3 Nc6 3. Nc3 Nf6 4. d4 exd4 5. Nxd4 Bb4 6. Nxc6 bxc6 7. Bd3 O-O 8. O-O d5 9. exd5 cxd5 10. h3 h6 11. Qf3 c6 12. Bf4 Bd6 13. Ne2 Rb8 14. b3 Bxf4 15. Qxf4 Bb7 16. Rfe1 c5 17. Ng3 Re8 18. Nf5 Ne4 19. Bxe4 Rxe4 20. Rxe4 dxe4 21. Qg3 g6 22. Nxh6+ Kg7 23. Nf5+ Kg8 24. Ne3 Rc8 25. Rd1 Qe7 26. Nf5 Qe6 27. Ne3 Qe7 28. c4 Re8 29. Qd6 Kg7 30. Qxe7 Rxe7 31. Rd6 f5 32. g3 Bc8 33. h4 Be6 34. Kf1 Kf7 35. Ke1 Rc7 36. Kd2 Ke7 37. Ra6 Rd7+ 38. Ke2 Rc7 39. Ng2 Kf7 40. Nf4 Re7 41. Nxe6 Rxe6 42. Rxa7+ Kf6 43. Rc7 Ra6 44. Rxc5 Rxa2+ 45. Ke3 Rc2 46. Rc6+ Ke5 47. Rc5+ Kf6 48. Rb5 Kg7 49. c5 Kh6 50. b4 Kh5 51. Rb6 Rc3+ 52. Kd2 Rf3 53. Ke2 Rc3 54. c6 Kg4 55. b5 Rc2+ 56. Kd1 Rc5 57. Rb7 Kf3 58. Ke1 Rc1+ 59. Kd2 Rc5 60. Re7 Rxb5 61. c7 Rc5 62. Ke1 Rc1+ 63. Kd2 Rc5 64. h5 gxh5 65. Ke1 Rc1+ 66. Kd2 Rc5 67. Ke1 h4 68. gxh4 f4 69. Kd2 Rd5+ 70. Kc3 Rc5+ 71. Kd4 Rc1 72. Kd5 Rd1+ 73. Ke6 Rc1 74. Kd7 Rd1+ 75. Ke8 Rc1 76. Kd8 e3 77. fxe3 Rd1+ 78. Rd7 1-0


[Site "https://www.chess.com"]

[Event "Titled Tuesday Blitz February 15 Early 2022"]
[White "Maltsevskaya, Aleksandra"]
[Black "Gatterer, Florian"]
[WhiteFideId "24174041"]
[BlackFideId "811688"]
[WhiteElo "2283"]
[BlackElo "2218"]
[Result "1-0"]
[Round "03"]
[TimeControl "180+1"]
[Date "2022.02.15"]
[WhiteClock "0:00:03"]
[BlackClock "0:00:01"]

1. e4 e5 2. Nf3 Nc6 3. Bb5 Nf6 4. O-O Nxe4 5. d4 Nd6 6. Bxc6 dxc6 7. dxe5 Nf5 8. Qxd8+ Kxd8 9. Rd1+ Ke8 10. Nc3 Ne7 11. h3 Ng6 12. Ne2 Be7 13. b3 b6 14. Ned4 c5 15. Nb5 Bd8 16. Bg5 Bd7 17. Bxd8 Kxd8 18. Ng5 Kc8 19. Nc3 Be8 20. e6 f6 21. Nge4 Bc6 22. Ng3 Ne7 23. Nce2 Kb7 24. c4 Rad8 25. Nf4 g6 26. Nfe2 Rd6 27. Rxd6 cxd6 28. Nc3 f5 29. Rd1 Kc7 30. Nge2 g5 31. Ng3 Rf8 32. Nh5 h6 33. f4 a6 34. Rf1 g4 35. hxg4 fxg4 36. Ng3 Nf5 37. Nxf5 Rxf5 38. e7 Kd7 39. Re1 Ke8 40. Re6 Bd7 41. Rxd6 Kxe7 42. Rxh6 Be6 43. g3 Rf8 44. Rh7+ Kf6 45. Ne4+ Kf5 46. Nd6+ Kf6 47. Rh6+ Ke7 48. Ne4 Rd8 49. Ng5 Bf5 50. Rxb6 Rd1+ 51. Kf2 Rd2+ 52. Ke3 Rxa2 53. Rc6 Rg2 54. Rxc5 Rxg3+ 55. Kd4 Bc2 56. Rc7+ Kd6 57. Rg7 Rg1 58. c5+ Kc6 59. Kc4 Rg3 60. b4 Bd3+ 61. Kd4 Bb5 62. Rg6+ 1-0


[Site "https://www.chess.com"]